2669 views
Uploaded 2021-09-20 21:21:18
Game version 1.32.10
15:47 long 4on4 ladder game on (8)Feralas_LV
Saved by Teelo
2669 views
Uploaded 2021-09-20 21:21:18
Game version 1.32.10
15:47 long 4on4 ladder game on (8)Feralas_LV

115 units @ 18.5k
/ 2.6k
58 buildings @ 9.8k
/ 4.1k

| Healing Salve | 5 | 500 |
| Lesser Clarity Potion | 7 | 490 |
| Scroll of Speed | 1 | 50 |
| Potion of Mana | 3 | 600 |
| Scroll of Town Portal | 2 | 700 |
| Boots of Speed | 2 | 500 |
| Potion of Lesser Invulnerability | 2 | 300 |
| total: | 22 | 3140g |
| Peon | 17 | 1275 | / | 0 |
| Wind Rider | 14 | 3710 | / | 560 |
| total: | 31 | 4985g | / | 560w |
| Watch Tower | 1 | 110 | / | 80 |
| Altar of Storms | 2 | 360 | / | 100 |
| Orc Burrow | 4 | 640 | / | 160 |
| Voodoo Lounge | 1 | 130 | / | 30 |
| War Mill | 1 | 205 | / | 0 |
| Great Hall | 2 | 770 | / | 370 |
| Beastiary | 3 | 435 | / | 420 |
| Stronghold | 5 | 1575 | / | 950 |
| Fortress | 1 | 325 | / | 190 |
| total: | 14 | 2650g | / | 1160w |
| 0:02 | Peon |
| 0:06 | Altar of Storms |
| 0:08 | Altar of Storms |
| 0:10 | Orc Burrow |
| 0:11 | Peon |
| 0:18 | Peon |
| 0:41 | Peon |
| 0:48 | Voodoo Lounge |
| 0:55 | Peon |
| 0:55 | Peon |
| 0:55 | Peon |
| 0:55 | Peon |
| 0:55 | Peon |
| 1:07 | Peon |
| 1:20 | Peon |
| 2:03 | Stronghold |
| 2:07 | Healing Salve |
| 2:07 | Lesser Clarity Potion |
| 2:08 | Serpent Ward |
| 2:46 | Orc Burrow |
| 3:34 | Healing Wave |
| 3:36 | Lesser Clarity Potion |
| 3:36 | Lesser Clarity Potion |
| 3:39 | Scroll of Speed |
| 3:40 | Healing Salve |
| 4:04 | War Mill |
| 4:05 | Orc Burrow |
| 4:26 | Beastiary |
| 4:39 | Great Hall |
| 4:46 | Beastiary |
| 5:00 | Great Hall |
| 5:16 | Peon |
| 5:16 | Peon |
| 5:18 | Steel Armor |
| 5:41 | Wind Rider |
| 5:52 | Serpent Ward |
| 6:02 | Wind Rider |
| 6:13 | Watch Tower |
| 6:15 | Reinforced Defenses |
| 6:17 | Wind Rider |
| 6:34 | Lesser Clarity Potion |
| 6:37 | Potion of Mana |
| 6:39 | Wind Rider |
| 6:39 | Wind Rider |
| 6:46 | Lesser Clarity Potion |
| 7:02 | Beastiary |
| 7:25 | Wind Rider |
| 7:32 | Peon |
| 7:32 | Peon |
| 7:32 | Peon |
| 7:46 | Peon |
| 7:47 | Orc Burrow |
| 7:50 | Lesser Clarity Potion |
| 7:56 | Healing Salve |
| 8:06 | Thorium Armor |
| 8:27 | Wind Rider |
| 9:11 | Fortress |
| 9:16 | Healing Wave |
| 9:59 | Wind Rider |
| 10:04 | Healing Salve |
| 10:07 | Scroll of Town Portal |
| 10:07 | Potion of Mana |
| 10:11 | Potion of Mana |
| 10:24 | Wind Rider |
| 10:30 | Steel Ranged Weapons |
| 10:33 | Wind Rider |
| 10:46 | Boots of Speed |
| 10:46 | Boots of Speed |
| 10:55 | Potion of Lesser Invulnerability |
| 10:55 | Potion of Lesser Invulnerability |
| 11:54 | Serpent Ward |
| 12:10 | Wind Rider |
| 12:10 | Envenomed Spears |
| 12:10 | Wind Rider |
| 12:35 | Lesser Clarity Potion |
| 12:37 | Healing Salve |
| 12:44 | Scroll of Town Portal |
| 12:49 | Arcanite Armor |
| 13:45 | Big Bad Voodoo |
| 15:01 | Wind Rider |
| 15:01 | Wind Rider |
| 15:04 | Healing Wave |
| Right click | 1447 |
| Select | 307 |
| Select group | 203 |
| Build/train/purchase | 100 |
| Use ability | 83 |
| Item give/drop | 8 |
| Chat | 5 |
| Assign group | 3 |
| Remove unit | 2 |
| Misc. action | 1 |


| Rod of Necromancy | 3 | 450 |
| Potion of Healing | 1 | 150 |
| total: | 4 | 600g |
| Acolyte | 2 | 150 | / | 0 |
| Ghoul | 4 | 480 | / | 0 |
| Crypt Fiend | 8 | 1720 | / | 320 |
| Frost Wyrm | 3 | 1155 | / | 360 |
| total: | 17 | 3505g | / | 680w |
| Ziggurat | 6 | 900 | / | 300 |
| Altar of Darkness | 1 | 180 | / | 50 |
| Graveyard | 1 | 215 | / | 0 |
| Tomb of Relics | 1 | 130 | / | 30 |
| Crypt | 1 | 200 | / | 50 |
| Boneyard | 2 | 350 | / | 400 |
| Halls of the Dead | 1 | 320 | / | 210 |
| Black Citadel | 1 | 325 | / | 230 |
| total: | 12 | 1975g | / | 830w |
| 0:08 | Acolyte |
| 0:09 | Acolyte |
| 0:15 | Ziggurat |
| 0:19 | Altar of Darkness |
| 0:43 | Graveyard |
| 1:21 | Tomb of Relics |
| 1:27 | Ziggurat |
| 1:30 | Crypt |
| 2:25 | Death Coil |
| 2:27 | Rod of Necromancy |
| 2:34 | Ghoul |
| 2:34 | Ghoul |
| 3:28 | Halls of the Dead |
| 3:41 | Crypt Fiend |
| 4:22 | Crypt Fiend |
| 4:30 | Unholy Aura |
| 4:43 | Rod of Necromancy |
| 4:52 | Ghoul |
| 5:59 | Black Citadel |
| 6:12 | Ziggurat |
| 6:20 | Ziggurat |
| 6:24 | Creature Carapace |
| 6:25 | Creature Attack |
| 6:28 | Rod of Necromancy |
| 6:33 | Potion of Healing |
| 6:41 | Web |
| 6:56 | Impale |
| 7:17 | Death Coil |
| 7:25 | Crypt Fiend |
| 7:26 | Crypt Fiend |
| 8:52 | Boneyard |
| 8:57 | Boneyard |
| 9:10 | Ziggurat |
| 9:16 | Ghoul |
| 9:21 | Ziggurat |
| 9:28 | Spiked Carapace |
| 9:34 | Improved Creature Attack |
| 9:41 | Crypt Fiend |
| 11:05 | Freezing Breath |
| 11:06 | Frost Wyrm |
| 11:32 | Crypt Fiend |
| 12:48 | Improved Creature Carapace |
| 12:50 | Frost Wyrm |
| 13:29 | Unholy Aura |
| 14:08 | Impale |
| 15:29 | Frost Wyrm |
| 15:31 | Advanced Creature Attack |
| 15:39 | Crypt Fiend |
| 15:39 | Crypt Fiend |
| Right click | 437 |
| Select group | 251 |
| Select | 137 |
| Build/train/purchase | 54 |
| Assign group | 21 |
| Use ability | 21 |
| Item give/drop | 2 |
| Misc. action | 1 |
| Remove unit | 1 |
| Minimap ping | 1 |



| Rod of Necromancy | 2 | 300 |
| Ritual Dagger | 1 | 125 |
| Orb of Corruption | 4 | 1500 |
| Potion of Mana | 1 | 200 |
| Scroll of Town Portal | 1 | 350 |
| Potion of Lesser Invulnerability | 1 | 150 |
| total: | 10 | 2625g |
| Acolyte | 2 | 150 | / | 0 |
| Ghoul | 3 | 360 | / | 0 |
| Crypt Fiend | 10 | 2150 | / | 400 |
| Obsidian Statue | 5 | 1000 | / | 175 |
| Frost Wyrm | 1 | 385 | / | 120 |
| total: | 21 | 4045g | / | 695w |
| Nerubian Tower | 1 | 100 | / | 20 |
| Altar of Darkness | 1 | 180 | / | 50 |
| Crypt | 1 | 200 | / | 50 |
| Ziggurat | 6 | 900 | / | 300 |
| Graveyard | 1 | 215 | / | 0 |
| Tomb of Relics | 1 | 130 | / | 30 |
| Slaughterhouse | 1 | 140 | / | 135 |
| Boneyard | 1 | 175 | / | 200 |
| Halls of the Dead | 2 | 640 | / | 420 |
| Black Citadel | 1 | 325 | / | 230 |
| total: | 12 | 1940g | / | 765w |
| 0:03 | Acolyte |
| 0:10 | Altar of Darkness |
| 0:12 | Crypt |
| 0:15 | Acolyte |
| 0:39 | Ziggurat |
| 0:59 | Graveyard |
| 1:15 | Ghoul |
| 1:35 | Ghoul |
| 1:39 | Tomb of Relics |
| 1:55 | Nerubian Tower |
| 2:06 | Ziggurat |
| 2:23 | Crypt Fiend |
| 2:23 | Crypt Fiend |
| 2:32 | Frost Nova |
| 2:44 | Rod of Necromancy |
| 3:09 | Halls of the Dead |
| 3:30 | Crypt Fiend |
| 3:30 | Crypt Fiend |
| 3:30 | Crypt Fiend |
| 3:57 | Crypt Fiend |
| 4:05 | Frost Armor |
| 4:11 | Ziggurat |
| 4:47 | Creature Attack |
| 5:40 | Black Citadel |
| 5:42 | Frost Nova |
| 5:57 | Ghoul |
| 6:12 | Rod of Necromancy |
| 6:14 | Ritual Dagger |
| 6:37 | Death Coil |
| 6:50 | Web |
| 6:53 | Slaughterhouse |
| 7:11 | Crypt Fiend |
| 7:15 | Ziggurat |
| 8:01 | Obsidian Statue |
| 8:02 | Obsidian Statue |
| 8:13 | Potion of Lesser Invulnerability |
| 8:25 | Destroyer Form |
| 8:26 | Obsidian Statue |
| 8:42 | Unholy Aura |
| 9:02 | Crypt Fiend |
| 9:18 | Rain of Fire |
| 9:25 | Crypt Fiend |
| 9:28 | Ziggurat |
| 9:30 | Burrow |
| 10:22 | Crypt Fiend |
| 10:23 | Obsidian Statue |
| 11:06 | Ziggurat |
| 11:08 | Boneyard |
| 11:37 | Creature Carapace |
| 12:09 | Howl of Terror |
| 12:31 | Obsidian Statue |
| 13:07 | Scroll of Town Portal |
| 13:11 | Orb of Corruption |
| 13:11 | Orb of Corruption |
| 13:12 | Orb of Corruption |
| 13:12 | Orb of Corruption |
| 13:56 | Potion of Mana |
| 14:15 | Frost Armor |
| 15:10 | Frost Wyrm |
| Right click | 821 |
| Select group | 480 |
| Select | 222 |
| Build/train/purchase | 102 |
| Chat | 98 |
| Assign group | 48 |
| Use ability | 43 |
| Item give/drop | 7 |
| Misc. action | 1 |
| Remove unit | 1 |

| Lesser Clarity Potion | 6 | 420 |
| Healing Salve | 2 | 200 |
| Potion of Mana | 3 | 600 |
| Orb of Lightning | 1 | 375 |
| Tiny Great Hall | 1 | 600 |
| total: | 13 | 2195g |
| Peon | 27 | 2025 | / | 0 |
| Grunt | 6 | 1200 | / | 0 |
| Tauren | 7 | 1960 | / | 560 |
| Shaman | 6 | 780 | / | 120 |
| total: | 46 | 5965g | / | 680w |
| Watch Tower | 3 | 330 | / | 240 |
| Altar of Storms | 1 | 180 | / | 50 |
| Orc Burrow | 7 | 1120 | / | 280 |
| Barracks | 1 | 180 | / | 50 |
| War Mill | 1 | 205 | / | 0 |
| Voodoo Lounge | 3 | 390 | / | 90 |
| Great Hall | 1 | 385 | / | 185 |
| Spirit Lodge | 1 | 150 | / | 150 |
| Tauren Totem | 2 | 270 | / | 310 |
| Stronghold | 1 | 315 | / | 190 |
| Fortress | 1 | 325 | / | 190 |
| total: | 20 | 3210g | / | 1355w |
| 0:02 | Peon |
| 0:03 | Peon |
| 0:03 | Peon |
| 0:24 | Altar of Storms |
| 0:35 | Orc Burrow |
| 0:39 | Peon |
| 0:39 | Peon |
| 0:57 | Barracks |
| 1:02 | Peon |
| 1:16 | War Mill |
| 1:32 | Voodoo Lounge |
| 1:36 | Peon |
| 1:42 | Peon |
| 2:06 | Grunt |
| 2:23 | Orc Burrow |
| 2:26 | Serpent Ward |
| 2:54 | Stronghold |
| 3:14 | Steel Armor |
| 3:17 | Lesser Clarity Potion |
| 3:17 | Lesser Clarity Potion |
| 3:33 | Grunt |
| 3:51 | Orc Burrow |
| 4:25 | Grunt |
| 4:28 | Orc Burrow |
| 4:33 | Healing Wave |
| 5:05 | Healing Salve |
| 5:05 | Lesser Clarity Potion |
| 5:15 | Great Hall |
| 5:18 | Berserker Strength |
| 5:48 | Watch Tower |
| 5:49 | Watch Tower |
| 5:51 | Peon |
| 5:51 | Peon |
| 5:53 | Peon |
| 6:12 | Reinforced Defenses |
| 6:20 | Healing Salve |
| 6:20 | Lesser Clarity Potion |
| 6:30 | Peon |
| 6:43 | Watch Tower |
| 7:05 | Grunt |
| 7:33 | Healing Wave |
| 7:43 | Fortress |
| 7:51 | Peon |
| 7:51 | Peon |
| 7:51 | Peon |
| 7:51 | Peon |
| 8:05 | Steel Melee Weapons |
| 8:08 | Potion of Mana |
| 8:08 | Lesser Clarity Potion |
| 8:11 | Potion of Mana |
| 8:29 | Grunt |
| 9:04 | Spirit Lodge |
| 9:06 | Tauren Totem |
| 10:03 | Grunt |
| 10:06 | Tauren Totem |
| 10:11 | Peon |
| 10:11 | Peon |
| 10:39 | Serpent Ward |
| 11:02 | Thorium Melee Weapons |
| 11:03 | Tauren |
| 11:07 | Shaman Adept Training |
| 11:22 | Voodoo Lounge |
| 11:38 | Tauren |
| 11:39 | Shaman |
| 11:40 | Shaman |
| 11:40 | Shaman |
| 11:40 | Shaman |
| 11:42 | Tauren |
| 11:45 | Lesser Clarity Potion |
| 11:45 | Potion of Mana |
| 11:45 | Orb of Lightning |
| 11:58 | Tiny Great Hall |
| 12:20 | Shaman Master Training |
| 12:21 | Shaman |
| 12:21 | Shaman |
| 12:48 | Orc Burrow |
| 12:49 | Orc Burrow |
| 12:50 | Orc Burrow |
| 13:32 | Peon |
| 13:32 | Peon |
| 13:32 | Peon |
| 13:32 | Peon |
| 13:32 | Peon |
| 14:10 | Tauren |
| 14:10 | Tauren |
| 14:16 | Healing Wave |
| 14:46 | Tauren |
| 14:49 | Peon |
| 14:50 | Peon |
| 14:50 | Peon |
| 14:50 | Peon |
| 15:27 | Tauren |
| 15:42 | Voodoo Lounge |
| Select group | 300 |
| Right click | 271 |
| Chat | 168 |
| Select | 149 |
| Build/train/purchase | 90 |
| Misc. action | 83 |
| Assign group | 64 |
| Use ability | 57 |
| Esc | 6 |
| Minimap ping | 4 |
| Item give/drop | 3 |
| Remove unit | 2 |
126 units @ 15.3k
/ 1.4k
65 buildings @ 10k
/ 3.9k


| Rod of Necromancy | 1 | 150 |
| Potion of Healing | 3 | 450 |
| Scroll of Town Portal | 2 | 700 |
| total: | 6 | 1300g |
| Acolyte | 8 | 600 | / | 0 |
| Ghoul | 10 | 1200 | / | 0 |
| Crypt Fiend | 5 | 1075 | / | 200 |
| Frost Wyrm | 1 | 385 | / | 120 |
| total: | 24 | 3260g | / | 320w |
| Nerubian Tower | 1 | 100 | / | 20 |
| Spirit Tower | 1 | 145 | / | 40 |
| Ziggurat | 7 | 1050 | / | 350 |
| Altar of Darkness | 2 | 360 | / | 100 |
| Tomb of Relics | 1 | 130 | / | 30 |
| Crypt | 1 | 200 | / | 50 |
| Graveyard | 1 | 215 | / | 0 |
| Boneyard | 1 | 175 | / | 200 |
| Halls of the Dead | 1 | 320 | / | 210 |
| Black Citadel | 1 | 325 | / | 230 |
| total: | 13 | 2130g | / | 730w |
| 0:05 | Acolyte |
| 0:05 | Acolyte |
| 0:08 | Ziggurat |
| 0:11 | Altar of Darkness |
| 0:15 | Altar of Darkness |
| 0:30 | Tomb of Relics |
| 0:52 | Crypt |
| 1:04 | Nerubian Tower |
| 1:35 | Ziggurat |
| 1:55 | Ghoul |
| 1:57 | Ghoul |
| 2:09 | Graveyard |
| 2:21 | Death Coil |
| 2:22 | Rod of Necromancy |
| 2:35 | Ghoul |
| 2:50 | Ghoul |
| 3:12 | Ghoul |
| 3:12 | Cannibalize |
| 3:43 | Unholy Aura |
| 3:50 | Halls of the Dead |
| 4:07 | Crypt Fiend |
| 4:21 | Ziggurat |
| 4:38 | Crypt Fiend |
| 5:24 | Crypt Fiend |
| 6:05 | Death Coil |
| 6:15 | Acolyte |
| 6:41 | Black Citadel |
| 6:59 | Ghoul |
| 6:59 | Ghoul |
| 7:04 | Ziggurat |
| 7:39 | Sleep |
| 8:40 | Web |
| 8:50 | Crypt Fiend |
| 8:53 | Creature Attack |
| 8:53 | Creature Carapace |
| 9:00 | Spirit Tower |
| 9:35 | Acolyte |
| 9:36 | Acolyte |
| 9:36 | Acolyte |
| 9:36 | Acolyte |
| 10:19 | Crypt Fiend |
| 10:58 | Potion of Healing |
| 10:58 | Potion of Healing |
| 10:59 | Potion of Healing |
| 11:13 | Ghoul |
| 11:13 | Ghoul |
| 11:13 | Ghoul |
| 11:24 | Acolyte |
| 11:32 | Boneyard |
| 13:05 | Ziggurat |
| 13:09 | Ziggurat |
| 13:10 | Ziggurat |
| 13:25 | Scroll of Town Portal |
| 13:25 | Scroll of Town Portal |
| 13:58 | Frost Wyrm |
| 14:57 | Unholy Aura |
| 15:24 | Freezing Breath |
| Right click | 536 |
| Select | 139 |
| Select group | 134 |
| Build/train/purchase | 55 |
| Assign group | 26 |
| Use ability | 24 |
| Item give/drop | 3 |

| Healing Salve | 1 | 100 |
| total: | 1 | 100g |
| Peon | 11 | 825 | / | 0 |
| Grunt | 2 | 400 | / | 0 |
| Troll Headhunter | 15 | 2100 | / | 300 |
| Shaman | 2 | 260 | / | 40 |
| total: | 30 | 3585g | / | 340w |
| Watch Tower | 3 | 330 | / | 240 |
| Orc Burrow | 5 | 800 | / | 200 |
| Altar of Storms | 1 | 180 | / | 50 |
| Barracks | 2 | 360 | / | 100 |
| War Mill | 1 | 205 | / | 0 |
| Voodoo Lounge | 1 | 130 | / | 30 |
| Great Hall | 1 | 385 | / | 185 |
| Spirit Lodge | 1 | 150 | / | 150 |
| Stronghold | 1 | 315 | / | 190 |
| Fortress | 1 | 325 | / | 190 |
| total: | 15 | 2540g | / | 955w |
| 0:06 | Orc Burrow |
| 0:08 | Altar of Storms |
| 0:12 | Peon |
| 0:12 | Peon |
| 0:48 | Peon |
| 0:57 | Barracks |
| 1:07 | Peon |
| 1:34 | War Mill |
| 2:05 | Orc Burrow |
| 2:17 | Grunt |
| 2:36 | Peon |
| 2:50 | Troll Headhunter |
| 3:05 | Orc Burrow |
| 3:20 | Troll Headhunter |
| 3:25 | Feral Spirit |
| 3:57 | Stronghold |
| 4:39 | Chain Lighting |
| 4:47 | Troll Headhunter |
| 4:48 | Troll Headhunter |
| 4:53 | Grunt |
| 4:54 | Troll Headhunter |
| 4:54 | Troll Headhunter |
| 5:06 | Orc Burrow |
| 5:13 | Voodoo Lounge |
| 5:27 | Steel Ranged Weapons |
| 6:18 | Troll Headhunter |
| 6:19 | Troll Regeneration |
| 6:20 | Troll Headhunter |
| 6:23 | Orc Burrow |
| 6:39 | Steel Armor |
| 6:45 | Spirit Lodge |
| 6:57 | Peon |
| 6:57 | Peon |
| 6:58 | Peon |
| 7:00 | Healing Salve |
| 7:36 | Feral Spirit |
| 8:25 | Great Hall |
| 8:40 | Watch Tower |
| 8:43 | Shaman Adept Training |
| 8:48 | Troll Headhunter |
| 8:48 | Troll Headhunter |
| 9:28 | Fortress |
| 9:53 | Watch Tower |
| 11:03 | Troll Headhunter |
| 11:04 | Troll Headhunter |
| 11:04 | Troll Headhunter |
| 11:04 | Troll Headhunter |
| 11:06 | Shaman |
| 11:06 | Shaman |
| 11:11 | Peon |
| 11:11 | Peon |
| 11:11 | Peon |
| 11:15 | Watch Tower |
| 11:51 | Barracks |
| 11:54 | Shaman Master Training |
| 12:56 | Berserker Upgrade |
| 12:58 | Troll Headhunter |
| 13:58 | Chain Lighting |
| Right click | 230 |
| Select | 209 |
| Build/train/purchase | 51 |
| Minimap ping | 9 |
| Use ability | 7 |
| Remove unit | 3 |


| Potion of Healing | 1 | 150 |
| Scroll of Town Portal | 1 | 350 |
| total: | 2 | 500g |
| Peasant | 12 | 900 | / | 0 |
| Rifleman | 5 | 1025 | / | 150 |
| Sorceress | 4 | 620 | / | 80 |
| Priest | 4 | 540 | / | 40 |
| Gryphon Rider | 2 | 560 | / | 140 |
| Knight | 1 | 245 | / | 60 |
| Dragonhawk Rider | 2 | 400 | / | 60 |
| total: | 30 | 4290g | / | 530w |
| Scout Tower | 4 | 120 | / | 80 |
| Arcane Tower | 1 | 70 | / | 50 |
| Guard Tower | 2 | 140 | / | 100 |
| Altar of Kings | 1 | 180 | / | 50 |
| Farm | 8 | 640 | / | 160 |
| Barracks | 1 | 160 | / | 60 |
| Blacksmith | 1 | 140 | / | 60 |
| Lumber Mill | 1 | 120 | / | 0 |
| Town Hall | 2 | 770 | / | 410 |
| Arcane Vault | 1 | 130 | / | 30 |
| Arcane Sanctum | 1 | 150 | / | 140 |
| Gryphon Aviary | 1 | 140 | / | 150 |
| Keep | 1 | 320 | / | 210 |
| Castle | 1 | 360 | / | 210 |
| total: | 21 | 2550g | / | 1140w |
| 0:04 | Peasant |
| 0:19 | Peasant |
| 0:33 | Altar of Kings |
| 0:35 | Peasant |
| 0:41 | Farm |
| 0:43 | Peasant |
| 0:43 | Peasant |
| 0:56 | Barracks |
| 1:08 | Peasant |
| 1:14 | Farm |
| 1:41 | Peasant |
| 1:44 | Peasant |
| 1:44 | Peasant |
| 1:55 | Blacksmith |
| 2:14 | Farm |
| 2:36 | Summon Water Elemental |
| 2:40 | Peasant |
| 2:40 | Peasant |
| 2:48 | Scout Tower |
| 3:00 | Farm |
| 3:14 | Rifleman |
| 3:14 | Rifleman |
| 3:20 | Peasant |
| 3:23 | Arcane Tower |
| 3:49 | Rifleman |
| 3:51 | Keep |
| 4:37 | Rifleman |
| 4:42 | Farm |
| 4:46 | Lumber Mill |
| 4:54 | Brilliance Aura |
| 5:53 | Town Hall |
| 6:04 | Scout Tower |
| 6:15 | Arcane Sanctum |
| 6:18 | Castle |
| 6:23 | Gryphon Aviary |
| 6:25 | Long Rifles |
| 6:46 | Guard Tower |
| 6:51 | Scout Tower |
| 7:16 | Summon Water Elemental |
| 7:26 | Guard Tower |
| 7:28 | Scout Tower |
| 7:32 | Sorceress |
| 7:32 | Priest |
| 7:33 | Sorceress |
| 7:33 | Priest |
| 7:47 | Farm |
| 9:12 | Priest |
| 9:12 | Sorceress |
| 9:15 | Gryphon Rider |
| 10:02 | Arcane Vault |
| 10:08 | Flame Strike |
| 10:20 | Rifleman |
| 10:21 | Knight |
| 10:30 | Gryphon Rider |
| 10:43 | Priest Adept Training |
| 10:45 | Sorceress Adept Training |
| 10:49 | Farm |
| 10:50 | Farm |
| 11:19 | Scroll of Town Portal |
| 12:17 | Siphon Mana |
| 12:48 | Town Hall |
| 12:53 | Priest |
| 12:54 | Sorceress |
| 12:54 | Sorceress Master Training |
| 12:54 | Priest Master Training |
| 12:58 | Dragonhawk Rider |
| 12:58 | Dragonhawk Rider |
| 13:42 | Brilliance Aura |
| 14:28 | Flame Strike |
| 14:45 | Potion of Healing |
| Right click | 294 |
| Select | 217 |
| Misc. action | 90 |
| Build/train/purchase | 66 |
| Use ability | 10 |
| Remove unit | 3 |

| Scroll of Town Portal | 1 | 350 |
| total: | 1 | 350g |
| Wisp | 19 | 1140 | / | 0 |
| Archer | 21 | 2730 | / | 210 |
| Hippogryph | 2 | 320 | / | 40 |
| total: | 42 | 4190g | / | 250w |
| Altar of Elders | 1 | 180 | / | 50 |
| Moon Well | 6 | 1080 | / | 240 |
| Ancient of War | 3 | 450 | / | 180 |
| Tree of Life | 1 | 340 | / | 185 |
| Hunter's Hall | 1 | 210 | / | 100 |
| Ancient of Wonders | 2 | 180 | / | 60 |
| Ancient of Wind | 2 | 300 | / | 280 |
| Tree of Ages | 1 | 320 | / | 180 |
| Tree of Eternity | 1 | 330 | / | 200 |
| total: | 16 | 2740g | / | 1095w |
| 0:08 | Wisp |
| 0:08 | Wisp |
| 0:08 | Wisp |
| 0:28 | Wisp |
| 0:37 | Wisp |
| 0:40 | Altar of Elders |
| 0:58 | Moon Well |
| 1:01 | Wisp |
| 1:01 | Wisp |
| 1:24 | Ancient of War |
| 1:27 | Wisp |
| 1:53 | Ancient of War |
| 1:56 | Moon Well |
| 2:18 | Wisp |
| 2:25 | Archer |
| 2:35 | Moon Well |
| 2:44 | Archer |
| 2:51 | Moon Well |
| 2:55 | Archer |
| 3:01 | Searing Arrows |
| 3:05 | Archer |
| 3:16 | Archer |
| 3:37 | Archer |
| 4:03 | Tree of Life |
| 4:32 | Archer |
| 4:58 | Tree of Ages |
| 5:05 | Trueshot Aura |
| 5:22 | Archer |
| 5:46 | Hunter's Hall |
| 6:01 | Archer |
| 6:04 | Archer |
| 6:49 | Trueshot Aura |
| 7:00 | Strength of the Moon |
| 7:05 | Moon Well |
| 7:13 | Wisp |
| 7:13 | Wisp |
| 7:13 | Wisp |
| 7:14 | Wisp |
| 7:20 | Improved Bows |
| 7:21 | Archer |
| 8:05 | Moon Well |
| 8:07 | Tree of Eternity |
| 8:15 | Wisp |
| 8:40 | Wisp |
| 8:40 | Wisp |
| 8:51 | Archer |
| 9:15 | Improved Strength of the Moon |
| 10:31 | Searing Arrows |
| 10:34 | Marksmanship |
| 10:35 | Archer |
| 11:02 | Archer |
| 11:07 | Ancient of War |
| 11:13 | Ancient of Wonders |
| 11:14 | Archer |
| 11:16 | Moon Armor |
| 11:20 | Wisp |
| 11:20 | Wisp |
| 11:45 | Trueshot Aura |
| 12:17 | Archer |
| 12:33 | Archer |
| 12:39 | Ancient of Wind |
| 12:41 | Ancient of Wind |
| 12:52 | Archer |
| 12:54 | Wisp |
| 13:06 | Ancient of Wonders |
| 13:15 | Archer |
| 13:31 | Advanced Strength of the Moon |
| 13:53 | Hippogryph |
| 14:19 | Scroll of Town Portal |
| 14:33 | Hippogryph |
| 14:55 | Starfall |
| 15:16 | Archer |
| 15:30 | Archer |
| Select group | 317 |
| Right click | 308 |
| Select | 178 |
| Chat | 130 |
| Build/train/purchase | 65 |
| Assign group | 24 |
| Use ability | 10 |
| Minimap ping | 3 |
⇛